[Event "Sautron op 16th"]
[Site "Sautron"]
[Date "2016.10.22"]
[Round "3.1"]
[White "Stets, Dmitry"]
[Black "Istratescu, Andrei"]
[Result "1/2-1/2"]
[ECO "C68"]
[WhiteElo "2436"]
[BlackElo "2600"]
[Annotator "RR"]
[PlyCount "52"]
[EventDate "2016.10.22"]
[EventType "swiss"]
[EventRounds "9"]
[EventCountry "FRA"]
[SourceTitle "EXT 2019"]
[Source "ChessBase"]
[SourceDate "2018.10.10"]
[SourceVersion "1"]
[SourceVersionDate "2018.10.10"]
[SourceQuality "1"]
[TimeControl "40/5400+30:1800+30"]
[WhiteClock "0:13:16"]
[BlackClock "0:35:11"]

1. e4 e5 2. Nf3 Nc6 3. Bb5 a6 4. Bxc6 dxc6 5. O-O Bd6 (
5... f6 {La grande ligne}) (5... Bg4) 6. d4 exd4 7. Qxd4 f6 8. Nbd2 {[%emt 0:22:27][%cal
Gd2c4] La position est toujours théorique mais le MI a réfléchi plus de 20
mns} (8. Be3) (8. Re1) 8... Be6 9. b3 Ne7 (9... Qe7 10. Nc4 Bc5 11. Qd3 Qd7 12. Qxd7+ Bxd7 13. Be3 Be7
14. Nd4 O-O-O 15. Rad1 Re8 16. f3 Bf8 17. Bf2 Nh6 18. Ne3 Nf7 19. Ne2 g6 20.
Nf4 Bg7 21. a4 Re7 22. Nd3 Kb8 23. Nc4 Bc8 24. a5 Rhe8 25. Nc5 f5 26. Bd4 Bxd4+
27. Rxd4 Ka7 28. exf5 Bxf5 29. Ne4 c5 30. Rd2 Bxe4 31. fxe4 Nd8 32. e5 Nc6 33.
Rd5 Nxe5 34. Rxc5 Nc6 35. Rd5 b5 36. axb6+ cxb6 37. Rd6 Kb7 38. Rff6 Rc8 39.
Rd2 {Nisipeanu,L (2683)-Carlsen,M (2850) Reykjavik 2015 1/2-1/2}) 10. Nc4 Bxc4 (10... Bb4 11. Qe3 (11. Qxd8+ Rxd8 12.
Bb2) 11... Bxc4 $132) 11. Qxc4 $14 Ng6 12.
Qe6+ {[%emt 0:15:28] Une nouveauté trouvée devant l'échiquier} Qe7 13. Qxe7+ Kxe7 14. Nd4 Kf7 15. Be3 Rhe8 $132 16. f3 Ne7 (16... Nf4) 17.
Kf2 c5 18. Nf5 $5 Nxf5 19. exf5 Bxh2 $5 {[%emt 0:08:13] Un choix
courageux car après la poussée "f4",le Bh2 risque d'être enfermé. Ce coup
rappelle le fameux Bh2 joué par Fischer contre Spassky en Championnat du Monde
} 20. f4 (20. g3 Bxg3+ ) 20... h5 $1 21. Rad1 (21. Rh1 Bg3+ $1
22. Kf3 h4) 21... h4 22. Rd7+ Re7 23. Rxe7+ Kxe7 24. Bxc5+ Kd7 (24... Kf7) 25. Rd1+ Kc6 26. Be3 a5 {[%emt 0:04:42] Le plateau DGT a
enregsitré à tort 27.Bc5 qui n'a pas été joué} 1/2-1/2